 Dungeon Crawl Stone Soup version 0.31.0-12-g77e489cdc1 (webtiles) character file.

Game seed: 12939476728129176142

109 lordive the Changeling (level 4, -1/28 HPs)
             Began as an Octopode Shapeshifter on Feb 29, 2024.
             Slain by a gnoll
             ... wielding a +0 halberd
              (5 damage)
             ... on level 2 of the Dungeon.
             The game lasted 00:01:46 (1560 turns).

lordive the Changeling (Octopode Shapeshifter)      Turns: 1560, Time: 00:01:47

Health: -1/28      AC:  1    Str: 13    XL:     4   Next: 90%
Magic:  4/4        EV: 13    Int: 12    God:
Gold:   142        SH:  0    Dex: 13    Spells: 3/3 levels left

rFire   . .          .
                       - Unarmed
rCold   . . .        (no shield)
rNeg    . . .        (helmet currently unavailable)
rPois   .            (no amulet)
rElec   .            (no ring)
rCorr   .            (no ring)
SInv    .            (no ring)
Will    .....        (no ring)
Stlth   ++           (no ring)
HPRegen 0.24/turn    (no ring)
MPRegen 0.09/turn    (no ring)
                     (no ring)

%: no passive effects
@: beast-form
A: beast (slay +2), almost no armour, amphibious, 8 rings, camouflage 1,
gelatinous body 1, (nimble swimmer 1), tentacles
a: Begin Untransformation


You were on level 2 of the Dungeon.
You were a hulking beast.
You visited 1 branch of the dungeon, and saw 2 of its levels.

You collected 142 gold pieces.

Inventory:

Jewellery
 g - an amulet of regeneration
Talismans
 b - a beast talisman
 c - a flux talisman
Scrolls
 d - a scroll of butterflies {unknown}
 f - 3 scrolls of identify {unknown}
 h - 2 scrolls of immolation
 i - a scroll of acquirement {unknown}
 j - a scroll of blinking {unknown}
 l - a scroll of noise {unknown}
 n - a scroll of vulnerability {unknown}
Potions
 a - a potion of lignification
 e - 2 potions of brilliance {unknown}
 k - a potion of curing {unknown}
 m - a potion of haste {unknown}


   Skills:
 + Level 1.0 Fighting
 + Level 2.1 Dodging
 + Level 4.0 Unarmed Combat
 * Level 4.3 Shapeshifting


You had 3 spell levels left.
You didn't know any spells.
Your spell library was empty.

Dungeon Overview and Level Annotations

Branches:
Dungeon (2/15)

Altars:


Innate Abilities, Weirdness & Mutations

You are a hulking beast.
Your limbs bulge with bestial killing power. (Slay +2)
You cannot wear most types of armour.
You are amphibious.
You can wear up to eight rings at the same time.
Your skin changes colour to match your surroundings (Stealth+).
Your rubbery body absorbs attacks. (AC +1, EV +1)
((You are camouflaged when in or above water. (Stealth+)))
You have tentacles for arms and can constrict up to eight enemies at once.


Message History

You see here a rat corpse.
The gnoll misses you.
A gnoll comes into view. It is wielding a +0 halberd.
The gnoll shouts! x2
You bludgeon the gnoll! You grab the gnoll.
You squeeze the gnoll, but do no damage.
The gnoll is heavily wounded.
You constrict the gnoll. The gnoll hits you with a +0 spear.
The gnoll hits you from afar with a +0 spear.
The gnoll barely misses you.
You bludgeon the gnoll!
You kill the gnoll!
The gnoll closely misses you. The gnoll barely misses you.
Your Unarmed Combat skill increases to level 4!
You see here a rat corpse.
The gnoll attacks as it pursues you!
The gnoll hits you from afar with a +0 halberd.
The gnoll attacks as it pursues you! The gnoll completely misses you.
You see here 16 gold pieces.
The gnoll attacks as it pursues you! The gnoll closely misses you.
The gnoll attacks as it pursues you! The gnoll misses you.
The gnoll attacks as it pursues you! The gnoll completely misses you.
The gnoll attacks as it pursues you!
The gnoll hits you from afar with a +0 halberd.
The gnoll attacks as it pursues you! The gnoll barely misses you.
The gnoll attacks as it pursues you!
The gnoll hits you from afar with a +0 halberd.
The gnoll attacks as it pursues you! The gnoll misses you.
Okay, then.
The gnoll attacks as it pursues you!
The gnoll hits you from afar with a +0 halberd.
The gnoll attacks as it pursues you! The gnoll closely misses you.
The gnoll attacks as it pursues you! The gnoll misses you.
The gnoll attacks as it pursues you!
The gnoll hits you from afar with a +0 halberd!
Ouch! That really hurt!
* * * LOW HITPOINT WARNING * * *
The gnoll attacks as it pursues you!
The gnoll hits you from afar with a +0 halberd.
You die...

#+############ ### #~~~~
#.#.......# #.###~~~~~
#.#.#####.# #........~
#.#.#.....# #.........
#.........# #.....~~..
###.#.##.### #....~..~~
.......†...# ####..†.~....
##..##...#.##########..†.....~~⌠.
##..#....#.#....h)....#.......⌠~~
....+....#.#.##.########...~~....
...##....#.#.##g# #..~..~~..
....'....#.#.##.# #..~....~~
#####...<#.#.##g# #...~~....
#....#.#.##.# #....~~...
##########'#'##.# #.###~~~~ ...#
#.......#.# ##.#
#.†.....#.#################


You could see 2 gnolls.

Vanquished Creatures
  Natasha (twice) (D:2)
  An adder (D:2)
  A gnoll (D:2)
  5 ball pythons
  2 bats (D:1)
  5 endoplasms (D:1)
  3 giant cockroaches
  5 goblins
  3 hobgoblins
  3 jackals (D:1)
  A kobold (D:1)
  A quokka (D:2)
  3 frilled lizards
  5 rats
40 creatures vanquished.

Notes
Turn   | Place    | Note
-------+----------+-------------------------------------------
     0 | D:1      | lordive the Octopode Shapeshifter began the quest for the
                  | Orb.
     0 | D:1      | Reached XP level 1. HP: 13/13 MP: 1/1
    46 | D:1      | Reached XP level 2. HP: 18/18 MP: 2/2
   441 | D:1      | Reached XP level 3. HP: 21/23 MP: 3/3
   489 | D:1      | Found a faded altar of an unknown god.
   842 | D:2      | Noticed Natasha
   845 | D:2      | Killed Natasha
  1064 | D:2      | Reached XP level 4. HP: 28/28 MP: 4/4
  1382 | D:2      | Noticed Natasha
  1392 | D:2      | Killed Natasha
  1560 | D:2      | Slain by a gnoll

Illustrated notes

Levels and vault maps discovered:
D:1:      wander_arrival_chamber, layout_basic,
          hellmonk_ecumenical_altar_blasted
D:2:      cheibrodos_helix_gallery, layout_basic, uniq_terence, uniq_natasha

Skill      XL: |  1  2  3  4 |
---------------+-------------+-----
Shapeshifting  | 4 |  4.3
Unarmed Combat | 4 |  4.0
Fighting       | |  1.0
Dodging        | |  2.1

Action                     |  1- 3 |  4- 6 || total
---------------------------+-------+-------++-------
  Melee: Unarmed           |    43 |    20 ||    63
         Constrict         |    13 |     7 ||    20
         Tentacles         |    10 |     4 ||    14
         Punch             |     1 |     1 ||     2
   Stab: Sleeping          |     8 |       ||     8
         Distracted        |     1 |     1 ||     2
 Armour: Skin              |     7 |    16 ||    23
  Dodge: Dodged            |    13 |    21 ||    34
